 Dungeon Crawl Stone Soup version 0.18.1-8-gdd0e5ea (webtiles) character file.

10714138 kolansburg the Axe Maniac (level 27, 298/298 HPs)
             Began as a Deep Dwarf Fighter on June 1, 2016.
             Was the Champion of Makhleb.
             Escaped with the Orb
             ... and 15 runes on June 3, 2016!
             The game lasted 14:43:50 (164470 turns).

kolansburg the Axe Maniac (Deep Dwarf Fighter)    Turns: 164470, Time: 14:43:51

Health: 298/298    AC: 52    Str: 33      XL:     27
Magic:  26/26      EV: 27    Int:  8 (9)  God:    Makhleb [******]
Gold:   14569      SH: 32    Dex: 20      Spells: 3 memorised, 58 levels left

rFire  + . .     SeeInvis +     I - +9 broad axe (vamp)
rCold  + . .     Gourm    +     R - +14 crystal plate armour
rNeg   + + +     Faith    .     M - +3 large shield {reflect}
rPois  +         Spirit   .     S - -2 hat of the Alchemist {rElec rPois rF+ rC+ rN+ MR+ rMut rCorr}
rElec  +         Dismiss  .     V - +0 cloak "Gas Tae" {Dex+5 Slay+3}
rCorr  +         Reflect  +     T - +2 pair of gloves {Dex+3}
rMut   +         Harm     .     F - +1 pair of boots {Fly}
SustAt .                        s - amulet "Agudwuew" {Gourm rPois rN+ Slay+4}
MR     +++++                    p - ring of wizardry
Stlth  ..........               w - ring of see invisible

@: flying, non-regenerating, almost entirely resistant to hostile enchantments,
extremely unstealthy
A: damage resistance, recharge devices, negative energy resistance 1, sense
surroundings 3, slow regeneration 3
a: Device Recharging, Minor Destruction, Lesser Servant of Makhleb, Major
Destruction, Greater Servant of Makhleb, Renounce Religion, Stop Flying
0: Orb of Zot
}: 15/15 runes: serpentine, barnacled, slimy, silver, golden, iron, obsidian,
icy, bone, abyssal, demonic, glowing, magical, fiery, dark


You escaped.
You worshipped Makhleb.
Makhleb was exalted by your worship.
You were completely stuffed.

You visited 18 branches of the dungeon, and saw 93 of its levels.
You visited Pandemonium 4 times, and saw 35 of its levels.
You visited the Abyss 9 times.
You visited 2 bazaars.
You also visited: Trove and Bailey.

You collected 19358 gold pieces.
You spent 4789 gold pieces at shops.

Inventory:

Hand Weapons
 h - a +9 sacred scourge of holy wrath
 I - a +9 vampiric broad axe (weapon)
Armour
 F - a +1 pair of boots of flying (worn)
 M - a +3 large shield of reflection (worn)
 R - a +14 crystal plate armour (worn)
 S - the -2 hat of the Alchemist (worn) {rElec rPois rF+ rC+ rN+ MR+ rMut rCorr}
   (You found it on level 3 of the Snake Pit)

   It protects you from fire.
   It protects you from cold.
   It insulates you from electricity.
   It protects you from poison.
   It protects you from negative energy.
   It affects your resistance to hostile enchantments.
   It protects you from acid and corrosion.
   It protects you from mutation.
 T - a +2 pair of gloves of dexterity (worn)
 V - the +0 cloak "Gas Tae" (worn) {Dex+5 Slay+3}
   (You found it on level 6 of the Lair of Beasts)

   It affects your dexterity (+5).
   It affects your accuracy and damage with ranged weapons and melee attacks
   (+3).
Jewellery
 p - a ring of wizardry (right hand)
 s - the amulet "Agudwuew" (around neck) {Gourm rPois rN+ Slay+4}
   (You found it on level 3 of the Tomb of the Ancients)

   [amulet of the gourmand]

   It allows you to eat raw meat even when not hungry.
   It affects your accuracy and damage with ranged weapons and melee attacks
   (+4).
   It protects you from poison.
   It protects you from negative energy.
 w - a ring of see invisible (left hand)
Wands
 e - a wand of heal wounds (7/9)
 f - a wand of lightning (5/15)
 t - a wand of hasting (3/9)
 D - a wand of digging (21/24)
 G - a wand of teleportation (5/9)
Scrolls
 c - 2 scrolls of torment
 d - 4 scrolls of silence
 o - 4 scrolls of teleportation
 q - 43 scrolls of identify
 r - 52 scrolls of remove curse
 u - 6 scrolls of holy word
 z - a scroll of magic mapping
 B - 5 scrolls of summoning
 J - 25 scrolls of fear
 U - 12 scrolls of blinking
Potions
 k - 13 potions of curing
 n - 12 potions of haste
 x - 6 potions of might
 C - 2 potions of magic
 K - a potion of resistance
 L - 13 potions of flight
 P - 8 potions of berserk rage
 Q - 8 potions of agility
 Z - 5 potions of cancellation
Books
 b - Sif Muna's Almanac of Spatial Conjuration
   (You found it on level 7 of Cocytus)

   Spells                             Type                      Level
   a - Flame Tongue                   Conjuration/Fire             1
   b - Magic Dart                     Conjuration                  1
   c - Throw Flame                    Conjuration/Fire             2
   d - Recall                         Summoning/Translocation      3
   e - Conjure Ball Lightning         Conjuration/Air              6
   f - Delayed Fireball               Conjuration/Fire             7
 i - a Necronomicon

   Spells                             Type                      Level
   a - Haunt                          Necromancy/Summoning         7
   b - Borgnjor's Revivification      Necromancy                   8
   c - Death's Door                   Charms/Necromancy            8
   d - Necromutation                  Transmutation/Necromancy     8
 E - the Almanac of Frigorific Clay
   (You found it on level 7 of Cocytus)

   Spells                             Type                      Level
   a - Sandblast                      Earth                        1
   b - Passwall                       Transmutation/Earth          2
   c - Throw Icicle                   Conjuration/Ice              4
   d - Freezing Cloud                 Conjuration/Ice/Air          6
   e - Ozocubu's Refrigeration        Ice                          6
Miscellaneous
 a - the horn of Geryon
 m - a lamp of fire
 y - a fan of gales
 W - a disc of storms
 X - 5 phantom mirrors
Comestibles
 g - 6 meat rations
 j - 55 bread rations
 O - 6 fruits


   Skills:
 O Level 27 Fighting
 O Level 27 Axes
 O Level 27 Maces & Flails
 O Level 27 Armour
 O Level 27 Dodging
 + Level 7.4 Stealth
 O Level 27 Shields
 O Level 27 Spellcasting
   Level 9.2 Conjurations
 - Level 21.8 Hexes
 O Level 27 Necromancy
 O Level 27 Transmutations
   Level 12.8 Fire Magic
 - Level 21.2 Air Magic
 O Level 27 Earth Magic
 O Level 27 Evocations


You had 58 spell levels left.
You knew the following spells:

 Your Spells              Type           Power        Failure   Level  Hunger
b - Necromutation         Trmt/Necr      ######....   2%          8    #######
c - Shatter               Erth           ######....   26%         9    #######
d - Silence               Hex/Air        #####.....   1%          5    ####...


Dungeon Overview and Level Annotations

Branches:
Dungeon (15/15)            Temple (1/1) D:7            Lair (8/8) D:8
 Shoals (4/4) Lair:6        Snake (4/4) Lair:5        Slime (6/6) Lair:8
    Orc (2/2) D:10            Elf (3/3) Orc:2        Vaults (5/5) D:13
  Crypt (3/3) Vaults:2       Tomb (3/3) Crypt:3      Depths (5/5) D:15
   Hell (1/1)                 Dis (7/7) Hell            Geh (7/7) Hell
    Coc (7/7) Hell            Tar (7/7) Hell            Zot (5/5) Depths:5

Altars:
Ashenzari
Cheibriados
Dithmenos
Elyvilon
Fedhas
Gozag
Kikubaaqudgha
Makhleb
Nemelex Xobeh
Okawaru
Pakellas
Qazlal
Ru
Sif Muna
Trog
Vehumet
Xom
Yredelemnul
Zin
The Shining One
Beogh
Jiyva

Shops:
D:7 :   D:10 !   D:13 !   Orc:2 *}[   Elf:1 ?   Elf:3 [=(=*   Shoals:2 [
Vaults:4 [

Portals:
Hell: Lair:8 Depths:1 Depths:2 Depths:3 Depths:4 Depths:5
Abyss: Depths:4
Pandemonium: Orc:2 Depths:1 Depths:3 Depths:5
Ziggurat: Depths:5

Annotations:
Dis:7 Dispater
Zot:5 1 exclusion


Innate Abilities, Weirdness & Mutations

You are resistant to damage.
You can recharge devices by infusing magical energy.
You resist negative energy.
You passively map a large area around you.
You do not regenerate naturally.


Message History

You fly upwards.
There is a stone staircase leading down here.
You reach down and open the door.
There is an open door here.
There is a staircase leading out of the dungeon here.
There is a staircase leading out of the dungeon here.
Unknown command.
Read which item? (? for menu, Esc to quit)
As you read the scroll of holy word, it crumbles to dust.
You speak a Word of immense power!
An iron imp comes into view.
You slice the iron imp!!
You kill the iron imp!
Makhleb accepts your kill.
You hit the plant.
The plant is lightly damaged.
No target in view!
A white imp comes into view.
There is a staircase leading out of the dungeon here.
You have escaped!

#......# #...........#.#....##
###########..#...#..#...####...
#......#.#....#........##
#.######.######.##.###.#
#.#≈≈≈≈♣≈♣≈≈≈≈#.##.# ###
#.#≈.......P.≈#....# ##
#.#≈......PPP≈#.#### #.
#.#♣.......P.♣#...# #.
#..≈....@....≈'...# ####.
###♣.♣).5..P.♣#...# #....
#≈♣♣♣...PPP≈#...# #...[
#≈.♣.....P.≈#...# #....
#≈...♣.♣...≈#.#####....
#≈≈≈≈♣(♣≈≈≈≈#.# #....#.
######.######.# #.##.#.
#........# #.##... ##########
#....#.


You could see a white imp.

Vanquished Creatures
  Asmodeus (Geh:7)
  the Royal Jelly (Slime:6)
  Dissolution (Slime:3)
  Gloorx Vloq (Pan)
  Ereshkigal (Tar:7)
  Mnoleg (Pan)
  the Serpent of Hell (Geh:7)
  A seraph (Pan)
  Lom Lobon (Pan)
  Mennas (Pan)
  6 orbs of fire
  12 ancient liches
  Sojobo (Depths:5)
  27 greater mummies
  Frederick (Depths:5)
  Vashnia (Snake:4)
  12 shard shrikes
  The ghost of GordonOverkill the Ninja, a veteran KoBe of Trog (Depths:3)
  9 Killer Klowns
  A caustic shrike (Depths:4)
  A curse toe (Zot:3)
  19 pandemonium lords (Pan)
  Saint Roka (Snake:4)
  Geryon (Hell)
  7 golden dragons
  9 iron giants
  65 bone dragons
  67 Tzitzimimeh
  2 pearl dragons (Pan)
  14 profane servitors (Abyss:5)
  The ghost of jesusflecha the Impaler, an adept FoFi of the Shining One (Vaults:1)
  The ghost of raetorn the Hoplite, an adept FoFi of Jiyva (Shoals:4)
  15 doom hounds
  43 Brimstone Fiends
  12 hellephants
  3 electric golems
  36 tentacled monstrosities
  26 Orb Guardians (Zot:5)
  Rupert (Lair:8)
  42 liches
  31 Hell Sentinels
  31 Ice Fiends
  A deep elf master archer (Elf:3)
  5 titans
  4 quicksilver dragons
  5 deep elf blademasters
  29 acid blobs
  Polyphemus (Shoals:4)
  73 Executioners
  229 tentacled starspawn
  The ghost of Starve the Severer, an adept MiWn of Nemelex Xobeh (Snake:3)
  4 death cobs
  9 eldritch tentacles
  9 ancient champions
  9 sphinxes
  12 tengu reavers
  10 storm dragons
  Ilsuiw (Shoals:4)
  19 shadow dragons
  17 azure jellies
  11 draconian knights
  10 greater nagas
  12 iron dragons
  12 draconian monks
  Donald (Snake:1)
  17 vault wardens
  Maud (Lair:8)
  18 daevas
  13 frost giants
  2 orc warlords (Orc:2)
  13 deep elf sorcerers
  7 revenants
  A fire giant (shapeshifter) (Vaults:5)
  4 draconian scorchers
  62 balrugs
  32 fire giants
  Aizul (Snake:1)
  8 ghost moths
  An emperor scorpion (shapeshifter) (Vaults:5)
  53 cacodemons
  9 draconian zealots
  19 corrupters
  16 chaos champions (Pan)
  6 ghouls
  15 ironheart preservers
  14 black suns (Pan)
  7 curse skulls
  A caustic shrike zombie (Crypt:1)
  8 draconian shifters
  29 angels
  10 warmongers (Pan)
  10 deep elf elementalists
  75 very ugly things
  12 draconian annihilators
  37 stone giants
  17 blood saints (Pan)
  6 draconian callers
  4 war gargoyles
  142 reapers
  23 ophanim
  3 spriggan defenders
  22 apis (Pan)
  11 green draconians
  44 lorocyprocas
  3 elemental wellsprings
  13 vampire knights
  5 bennus
  20 purple draconians
  16 black draconians
  14 yellow draconians
  12 salamander stormcallers
  14 red draconians
  A dire elephant (Lair:8)
  18 deep elf demonologists
  4 spark wasps
  21 white draconians
  12 deep elf annihilators
  15 mottled draconians
  20 ettins
  42 green deaths
  4 merfolk javelineers (Shoals:4)
  74 blizzard demons
  16 eidola
  22 mummy priests
  11 deep elf death magi
  13 death oozes
  18 yaktaur captains
  5 quicksilver dragon zombies
  7 merfolk impalers
  13 jiangshi
  31 vault guards
  27 fire dragons
  37 great orbs of eyes
  43 ice dragons
  7 deep elf high priests
  61 rakshasas
  12 entropy weavers
  A kraken zombie (Hell)
  14 hell beasts
  12 quicksilver dragon skeletons
  2 spriggan air magi
  32 naga warriors
  8 ghost crabs
  9 centaur warriors
  27 monstrous demonspawn (Pan)
  9 death knights
  16 ogre magi
  The ghost of Iamburgie the Fighter, a journeyman GrFi of Okawaru (D:11)
  A catoblepas (Shoals:4)
  An alligator snapping turtle (Shoals:2)
  The ghost of Gargoyl the Protected, a journeyman DsAK of Lugonu (Orc:2)
  7 hydras
  An anaconda (shapeshifter) (Abyss:5)
  8 deep troll shamans
  5 merfolk avatars
  29 dancing weapons
  An alligator (shapeshifter) (Abyss:5)
  9 anacondas
  4 satyrs
  A satyr (shapeshifter) (Depths:3)
  11 tengu warriors
  441 thrashing horrors
  4 merfolk aquamancers (Shoals:4)
  11 death yaks
  8 orc high priests
  23 naga sharpshooters
  7 deep troll earth magi
  16 titan zombies
  21 vampire magi
  107 hell hogs
  5 storm dragon zombies
  Urug (Lair:3)
  2 shock serpents (Snake:3)
  6 holy swine (Pan)
  98 soul eaters
  6 spriggan berserkers
  4 iron golems
  72 hell knights
  A fire crab (shapeshifter) (Abyss:5)
  Sonja (D:14)
  A hellephant skeleton (Crypt:1)
  43 deep elf knights
  3 salamander mystics
  119 sun demons
  218 wretched stars
  17 iron trolls
  3 storm dragon skeletons
  5 titan skeletons
  63 spatial maelstroms
  6 fire crabs
  219 skeletal warriors
  36 shadow wraiths
  13 wizards
  A death drake (shapeshifter) (Abyss:5)
  8 ghost moth zombies
  32 unseen horrors
  29 flayed ghosts
  A swamp dragon (shapeshifter) (Abyss:5)
  20 deep trolls
  4 quicksilver dragon simulacra (Abyss:5)
  8 sea snakes
  52 death scarabs
  2 spriggan druids (Depths:2)
  72 shadow demons
  14 cherubim (Pan)
  4 unseen horrors (shapeshifter)
  14 death drakes
  A sea snake (shapeshifter) (Abyss:5)
  12 anaconda zombies
  10 hill giants
  15 gelid demonspawn
  29 infernal demonspawn
  27 torturous demonspawn (Pan)
  46 giant orange brains
  23 putrid demonspawn
  24 ironbrand convokers
  10 shadow dragon zombies
  29 orc knights
  32 necromancers
  An anubis guard (shapeshifter) (D:13)
  5 golden dragon zombies
  38 phantasmal warriors
  3 naga ritualists
  7 deep elf archers
  19 harpies
  A lindwurm (shapeshifter) (Vaults:2)
  4 wolf spider zombies
  3 golden dragon skeletons
  19 anubis guards
  An orange crystal statue (Crypt:1)
  5 orb spiders
  A lindwurm (Depths:5)
  11 anaconda skeletons
  52 ugly things
  5 mana vipers
  3 harpies (shapeshifter)
  10 fire giant zombies
  An oklob plant (Lair:8)
  3 hornets
  11 iron dragon zombies
  A wolf spider (shapeshifter) (Abyss:5)
  16 frost giant zombies
  12 griffons
  7 cyclopes
  5 wolf spiders
  31 fauns
  9 shadow dragon skeletons
  23 salamanders
  75 deep elf magi
  17 shining eyes
  11 sirens
  21 moths of wrath
  2 hornets (shapeshifter)
  14 orc sorcerers
  14 manticores
  3 shock serpent zombies
  7 iron dragon skeletons
  15 stone giant zombies
  48 worldbinders
  58 rust devils
  102 sixfirhies
  A moth of wrath (shapeshifter) (Abyss:5)
  11 frost giant skeletons
  19 guardian serpents
  13 stone giant skeletons
  5 ice statues
  7 fire giant skeletons
  5 eyes of devastation
  2 black mambas (shapeshifter) (Abyss:5)
  8 dire elephant zombies
  4 molten gargoyles
  9 vault sentinels
  25 naga magi
  31 black mambas
  6 water nymphs
  19 spiny frogs
  44 apocalypse crabs
  258 smoke demons
  2 emperor scorpion zombies
  A yaktaur zombie (D:15)
  A storm dragon simulacrum (Abyss:5)
  3 gargoyles
  A shock serpent skeleton (Tar:5)
  61 orange demons
  2 rime drakes (shapeshifter)
  Psyche (D:9)
  13 dire elephant skeletons
  A komodo dragon (shapeshifter) (Abyss:5)
  66 yaktaurs
  A yellow draconian zombie (Crypt:3)
  72 hellions
  A yaktaur (shapeshifter) (Vaults:4)
  65 freezing wraiths
  16 spectral swamp worms
  4 kobold demonologists
  49 efreet
  A catoblepas skeleton (Crypt:3)
  9 komodo dragons
  An anaconda simulacrum (Abyss:5)
  88 ice devils
  6 tengu conjurers
  206 ancient zymes
  4 rime drakes
  2 ghost moth simulacra (Abyss:5)
  59 demonic crawlers
  3 golden dragon simulacra
  106 tormentors
  A sea snake zombie (Crypt:1)
  18 silent spectres
  6 harpy zombies
  94 hellwings
  8 trolls
  A mottled draconian skeleton (Dis:4)
  93 red devils
  2 jumping spiders
  45 guardian mummies
  17 hydra zombies
  2 shadow dragon simulacra (Abyss:5)
  39 merfolk
  7 polar bears
  537 raiju
  A queen bee (shapeshifter) (Abyss:5)
  18 two-headed ogres
  3 jumping spiders (shapeshifter)
  Grinder (D:5)
  3 blink frogs (shapeshifter)
  6 hydra skeletons
  3 harpy skeletons
  A two-headed ogre (shapeshifter) (Abyss:5)
  4 wolf spider simulacra
  2 wind drakes (shapeshifter)
  7 boulder beetles
  3 wind drakes
  161 slime creatures
  10 ushabtiu
  A bog body (Crypt:2)
  An iron dragon simulacrum (Tar:6)
  3 frost giant simulacra (Abyss:5)
  9 snapping turtles
  81 blink frogs
  697 large abominations
  A raiju (shapeshifter) (Abyss:5)
  10 alligator zombies
  14 fire dragon zombies
  A stone giant simulacrum (Coc:7)
  2 deep troll zombies
  A fire giant simulacrum (Abyss:5)
  20 ettin zombies
  12 ice dragon zombies
  9 ettin skeletons
  A shock serpent simulacrum (Coc:7)
  219 flying skulls
  9 vampires
  7 air elementals
  A tarantella (shapeshifter) (Vaults:5)
  2 dire elephant simulacra
  14 redbacks
  28 water elementals
  7 ice dragon skeletons
  8 fire dragon skeletons
  A hill giant zombie (Crypt:2)
  2 alligator skeletons
  2 spriggan skeletons
  5 wyverns
  A fire bat (shapeshifter) (Abyss:5)
  59 shadows
  5 black mamba zombies
  24 spriggans
  170 ynoxinuls
  A hog (shapeshifter) (Depths:5)
  65 wraiths
  A tarantella (Vaults:3)
  Eustachio (D:6)
  A basilisk (shapeshifter) (Abyss:5)
  A black mamba skeleton (Geh:7)
  25 fire elementals
  31 golden eyes
  44 yaks
  2 humans (shapeshifter) (Abyss:5)
  14 hungry ghosts
  13 fire bats
  A golden eye (shapeshifter) (Vaults:3)
  2 basilisks
  197 chaos spawn
  A steam dragon (shapeshifter) (Abyss:5)
  16 hippogriffs
  A steam dragon (D:10)
  180 neqoxecs
  8 vampire mosquitoes
  A swamp worm (shapeshifter) (Depths:4)
  9 wargs
  56 insubstantial wisps
  A warg (shapeshifter) (Abyss:5)
  2 mottled dragons (shapeshifter)
  An emperor scorpion simulacrum (Abyss:5)
  A merfolk zombie (Geh:7)
  2 mottled dragons
  A soldier ant (D:14)
  53 spatial vortices
  61 nagas
  4 hydra simulacra
  A torturous demonspawn skeleton (Crypt:2)
  A faun skeleton (Crypt:1)
  24 water moccasins
  9 spiny frog zombies
  A gelid demonspawn skeleton (Tar:7)
  181 hell hounds
  6 swamp drakes (Depths:5)
  A giant eyeball (shapeshifter) (Vaults:3)
  3 giant eyeballs
  10 porcupines
  6 manticore zombies
  A merfolk skeleton (Coc:7)
  274 small abominations
  85 orc warriors
  12 snapping turtle zombies
  A sky beast (shapeshifter) (Abyss:5)
  37 eyes of draining
  3 sky beasts
  4 ettin simulacra
  2 fire dragon simulacra (Abyss:5)
  7 spiny frog skeletons
  3 swamp dragon zombies
  3 alligator simulacra
  4 ice dragon simulacra (Abyss:5)
  16 phantoms
  11 black bears
  A black bear (shapeshifter) (Vaults:3)
  A black mamba simulacrum (Abyss:5)
  An eye of draining (shapeshifter) (Vaults:5)
  4 ice beasts
  9 wasps
  73 ogres
  49 necrophages
  17 centaurs
  2 tengu (shapeshifter)
  A wolf (shapeshifter) (Abyss:5)
  14 boggarts
  5 wolves
  7 snapping turtle skeletons
  10 crocodiles
  2 elf zombies
  6 manticore skeletons
  A big kobold (shapeshifter) (Abyss:5)
  A giant frog (shapeshifter) (Abyss:5)
  5 big kobolds
  Blork the orc (Orc:1)
  23 giant frogs
  13 earth elementals
  A wyvern zombie (D:13)
  A yaktaur skeleton (Crypt:1)
  3 spiny frog simulacra
  9 scorpions
  A spriggan zombie (Abyss:5)
  19 killer bees
  A human simulacrum (Vaults:3)
  A snapping turtle simulacrum (Abyss:5)
  137 wights
  A queen bee zombie (Crypt:1)
  A troll zombie (Tar:4)
  A hippogriff skeleton (Crypt:3)
  A swamp dragon simulacrum (Abyss:5)
  A warg skeleton (Crypt:2)
  A yak skeleton (Crypt:3)
  4 electric eels
  16 crimson imps
  3 howler monkeys
  45 jellies
  1121 starcursed masses
  2 giant frog zombies
  6 centaur zombies
  7 hounds
  4 human zombies
  A soldier ant zombie (Crypt:2)
  8 quasits
  7 centaur skeletons
  38 orc priests
  34 orc wizards
  3 giant frog skeletons
  4 human skeletons
  47 iron imps
  A black bear zombie (Crypt:1)
  Jessica (D:2)
  Natasha (thrice) (D:2)
  Terence (D:2)
  13 iguanas
  A boulder beetle simulacrum (Vaults:3)
  10 worker ants
  10 hell rats (Hell)
  An ogre zombie (Dis:7)
  A sheep (shapeshifter) (Abyss:5)
  A killer bee zombie (D:10)
  14 sheep
  A naga zombie (Dis:3)
  2 tengu skeletons
  A hound skeleton (D:5)
  3 hound zombies
  A naga skeleton (Dis:3)
  70 mummies
  2 worker ant zombies (D:10)
  14 adders
  4 gnolls
  69 river rats
  A tengu simulacrum (Abyss:4)
  43 shadow imps
  32 white imps
  8 ufetubi
  An ooze (shapeshifter) (Abyss:5)
  An adder zombie (D:9)
  An adder skeleton (D:6)
  2 worms
  2 dart slugs
  7 giant geckos
  167 orcs
  A ball python (D:5)
  9 giant cockroaches
  13 goblins
  5 hobgoblins
  23 jackals
  32 kobolds
  2 quokkas
  3 giant newts
  A kobold skeleton (Geh:1)
  A kobold zombie (Dis:6)
  2 orc skeletons
  A quokka zombie (Crypt:3)
  6 rats
  2 crawling corpses (Elf:3)
  4 demonic plants
  7 fire vortices
  7 fungi
  28 lurking horrors
  36 plants
  323 starspawn tentacles
  5 starspawn tentacle segments (Abyss:5)
  3 tentacles (Hell)
  A withered plant (D:15)
13514 creatures vanquished.

Vanquished Creatures (collateral kills)
  Antaeus (Coc:7)
  A bone dragon (Abyss:5)
  A Brimstone Fiend (Dis:7)
  A Hell Sentinel (Dis:7)
  A frost giant (Abyss:5)
  A balrug (Abyss:5)
  2 white draconians (Depths:5)
  A kraken zombie (Coc:7)
  2 rakshasas (Abyss:5)
  2 wretched stars (Abyss:5)
  A smoke demon (Abyss:5)
  An orange demon (Abyss:5)
  2 ancient zymes (Abyss:5)
  A blink frog (Abyss:5)
  3 raiju (Abyss:5)
  A starcursed mass (Abyss:5)
  2 spatial vortices (Abyss:5)
  7 large abominations (Abyss:5)
  A wasp (D:14)
  A starspawn tentacle (Abyss:5)
33 creatures vanquished.

Vanquished Creatures (others)
  Margery (Depths:4)
  A hellephant (Abyss:5)
  An Orb Guardian (Zot:5)
  A deep elf master archer (Elf:3)
  4 tentacled starspawn (Abyss:5)
  An Executioner (Abyss:5)
  An ancient champion (Tomb:2)
  2 tengu reavers
  A revenant (Tomb:2)
  3 draconian scorchers
  A warmonger (Pan)
  2 deep elf elementalists (Elf:3)
  A draconian shifter (Abyss:5)
  5 stone giants
  An elemental wellspring (Coc:7)
  A very ugly thing (Abyss:5)
  A chaos champion (Pan)
  A black sun (Pan)
  A bennu (Tomb:2)
  A lorocyproca (Abyss:5)
  A red draconian (Zot:5)
  A blizzard demon (Pan)
  A quicksilver dragon zombie (Tomb:2)
  A deep elf high priest (Vaults:5)
  A hell beast (Pan)
  2 rakshasas (Abyss:5)
  A quicksilver dragon skeleton (Abyss:5)
  A centaur warrior (Vaults:1)
  2 satyrs (Shoals:4)
  5 thrashing horrors
  5 hell hogs
  A titan zombie (Coc:7)
  A deep elf knight (Elf:2)
  2 naga sharpshooters
  A sun demon (Hell)
  3 skeletal warriors
  A wretched star (Abyss:5)
  2 soul eaters
  3 death scarabs
  A gelid demonspawn (Pan)
  7 deep elf archers
  2 deep elf magi (Elf:1)
  A necromancer (Geh:4)
  A black mamba (Snake:3)
  A moth of wrath (Zot:5)
  A storm dragon simulacrum (Abyss:5)
  2 apocalypse crabs (Abyss:5)
  A guardian serpent (Abyss:5)
  An orange demon (Pan)
  2 smoke demons
  An efreet (Abyss:5)
  An ice devil (Coc:7)
  A guardian mummy (Tomb:3)
  11 yaktaurs
  3 tormentors
  2 ancient zymes (Abyss:5)
  A red devil (Abyss:5)
  A hydra zombie (Abyss:5)
  A polar bear (shapeshifter) (Abyss:5)
  A tengu conjurer (Depths:2)
  A wind drake (Depths:5)
  2 blink frogs (Abyss:5)
  An ushabti (Tomb:2)
  An alligator zombie (Geh:5)
  8 raiju
  5 ynoxinuls
  4 flying skulls
  A fire bat (shapeshifter) (Abyss:5)
  3 water elementals
  2 fire elementals
  2 fire dragon skeletons
  An ettin skeleton (Geh:4)
  11 golden eyes (Abyss:5)
  7 chaos spawn (Abyss:5)
  6 neqoxecs
  A golden eye (shapeshifter) (Abyss:5)
  3 nagas
  A warg (Vaults:3)
  8 large abominations (Abyss:5)
  A spatial vortex (Abyss:5)
  A hell hound (Abyss:5)
  An orc warrior (Vaults:3)
  A swamp drake (Depths:5)
  An eye of draining (Abyss:5)
  5 starcursed masses (Abyss:5)
  2 ogres
  7 centaurs
  20 small abominations
  7 wights
  A centaur zombie (Dis:6)
  A hell rat (Hell)
  A mummy (Tomb:3)
  An ufetubus (Abyss:3)
  4 ball lightnings (Pan)
  16 bushes (Abyss:5)
  3 demonic plants
  251 eldritch tentacle segments
  A fire vortex (Hell)
  6 fungi
  3 lost souls
  26 lurking horrors
  18 plants
  417 starspawn tentacles
  6347 starspawn tentacle segments
  5 tentacles
  77 tentacle segments
  5 toadstools (D:1)
  3 withered plants (D:15)
7409 creatures vanquished.

Grand Total: 20956 creatures vanquished

Notes
Turn   | Place    | Note
--------------------------------------------------------------
     0 | D:1      | kolansburg the Deep Dwarf Fighter began the quest for the Orb.
     0 | D:1      | Reached XP level 1. HP: 20/20 MP: 1/1
   137 | D:1      | Reached XP level 2. HP: 20/27 MP: 2/2
   431 | D:1      | Reached skill level 1 in Evocations
   570 | D:2      | Noticed Natasha
   579 | D:2      | Killed Natasha
   579 | D:2      | Reached XP level 3. HP: 21/34 MP: 2/4
   663 | D:2      | Found a shadowy altar of Dithmenos.
   671 | D:2      | Noticed Natasha
   676 | D:2      | Killed Natasha
   676 | D:2      | Reached XP level 4. HP: 26/42 MP: 5/5
   866 | D:2      | Noticed Jessica
   868 | D:2      | Noticed Terence
   876 | D:2      | Killed Jessica
   907 | D:2      | Killed Terence
   988 | D:2      | Noticed Natasha
   996 | D:2      | Killed Natasha
   996 | D:2      | Reached XP level 5. HP: 49/49 MP: 6/6
  1492 | D:3      | Found a shadowy altar of Dithmenos.
  1497 | D:3      | Found an ancient bone altar of Kikubaaqudgha.
  1502 | D:3      | Found a snail-covered altar of Cheibriados.
  1589 | D:3      | Found a glowing silver altar of Zin.
  2247 | D:4      | Reached XP level 6. HP: 18/56 MP: 7/7
  2387 | D:4      | Got a shimmering leather armour
  2398 | D:4      | Identified the +1 leather armour of Ameyrybu {+Fly rElec Int-2 SInv} (You found it on level 4 of the Dungeon)
  2592 | D:4      | Reached skill level 5 in Armour
  2737 | D:4      | Reached skill level 5 in Shields
  2792 | D:4      | Found an iron altar of Okawaru.
  2805 | D:4      | Reached XP level 7. HP: 37/63 MP: 9/9
  2976 | D:5      | Entered Level 5 of the Dungeon
  3153 | D:5      | Noticed Grinder
  3217 | D:5      | Killed Grinder
  3217 | D:5      | Reached skill level 5 in Axes
  3503 | D:5      | Reached XP level 8. HP: 40/73 MP: 9/9
  3648 | D:6      | Noticed Eustachio
  3781 | D:6      | Killed Eustachio
  3896 | D:6      | Reached skill level 5 in Fighting
  4129 | D:6      | Found an opulent altar of Gozag.
  4217 | D:6      | Found a blossoming altar of Fedhas.
  4282 | D:6      | Found a bloodstained altar of Trog.
  4553 | D:7      | Reached skill level 5 in Evocations
  4561 | D:7      | Gained mutation: You passively map the area around you. [Deep Dwarf growth]
  4561 | D:7      | Reached XP level 9. HP: 55/81 MP: 9/9
  4709 | D:7      | Found Yrithu's Book Boutique.
  4853 | D:7      | Learned a level 5 spell: Bolt of Magma
  4900 | D:7      | Reached skill level 1 in Earth Magic
  5034 | D:7      | Found a staircase to the Ecumenical Temple.
  5040 | Temple   | Entered the Ecumenical Temple
  5052 | Temple   | Became a worshipper of Makhleb the Destroyer
  5575 | D:8      | Found a shattered altar of Ashenzari.
  5910 | D:8      | Found a blossoming altar of Fedhas.
  6023 | D:8      | Reached XP level 10. HP: 59/92 MP: 9/9
  6182 | D:8      | Found a staircase to the Lair.
  6312 | D:8      | Reached * piety under Makhleb
  6491 | D:8      | Found a shattered altar of Ashenzari.
  6629 | D:9      | Reached skill level 5 in Earth Magic
  6938 | D:9      | Found a deep blue altar of Sif Muna.
  7345 | D:9      | Noticed Psyche
  7349 | D:9      | Killed Psyche
  7610 | D:10     | Entered Level 10 of the Dungeon
  7656 | D:10     | Reached ** piety under Makhleb
  8063 | D:10     | Found Muirrane's Distillery.
  8068 | D:10     | Bought a potion of agility for 48 gold pieces
  8068 | D:10     | Bought a potion of agility for 48 gold pieces
  8068 | D:10     | Bought a potion of agility for 48 gold pieces
  8068 | D:10     | Bought a potion of heal wounds for 60 gold pieces
  8072 | D:10     | Found a staircase to the Orcish Mines.
  8327 | D:10     | Found a bloodstained altar of Trog.
  8604 | D:11     | Noticed Iamburgie's ghost (journeyman GrFi)
  8630 | D:11     | Killed Iamburgie's ghost
  8630 | D:11     | Reached XP level 11. HP: 58/103 MP: 8/8
  8669 | D:11     | Reached *** piety under Makhleb
  8742 | D:11     | Noticed a hill giant
  8747 | D:11     | Noticed an anaconda
  8747 | D:11     | a hill giant changed into an anaconda
  8774 | D:11     | Killed an anaconda
  8859 | D:11     | Noticed a soul eater
  9464 | D:12     | Noticed a hill giant
  9474 | D:12     | Killed a hill giant
  9498 | D:12     | Reached skill level 10 in Axes
  9511 | D:12     | Reached **** piety under Makhleb
  9642 | D:12     | Noticed a hill giant
  9669 | D:11     | HP: 4/104 [vampire mosquito (7)]
  9751 | D:12     | Noticed a five-headed hydra
  9769 | D:12     | Killed a one-headed hydra
  9811 | D:12     | Noticed a hill giant
  9818 | D:12     | Killed a hill giant
 10030 | D:12     | Noticed a deep elf mage
 10058 | D:12     | Killed a deep elf mage
 10490 | D:12     | Reached skill level 10 in Earth Magic
 10618 | D:12     | Found a portal to a secret trove of treasure.
 10832 | D:11     | Killed a hill giant
 10832 | D:11     | Reached XP level 12. HP: 114/114 MP: 7/7
 10970 | Lair:1   | Entered Level 1 of the Lair of Beasts
 11209 | Lair:1   | Reached ***** piety under Makhleb
 12407 | Lair:2   | Noticed a five-headed hydra
 12423 | Lair:2   | Killed a one-headed hydra
 12423 | Lair:2   | Reached skill level 1 in Spellcasting
 12814 | Lair:3   | Reached skill level 10 in Armour
 12850 | Lair:3   | Identified a scroll of acquirement
 12928 | Lair:3   | Reached ****** piety under Makhleb
 12928 | Lair:3   | Reached skill level 10 in Fighting
 13315 | Lair:3   | Noticed Urug
 13383 | Lair:3   | Killed Urug
 13809 | Lair:4   | Reached skill level 10 in Shields
 14197 | Lair:4   | You fall through a shaft!
 14197 | Lair:5   | Found a staircase to the Snake Pit.
 14401 | Lair:5   | Reached XP level 13. HP: 72/124 MP: 10/10
 15671 | Lair:6   | Got a crude cloak
 15682 | Lair:6   | Identified the cursed +0 cloak "Gas Tae" {Dex+5 Slay+3} (You found it on level 6 of the Lair of Beasts)
 15764 | Lair:6   | Found a staircase to the Shoals.
 16971 | Lair:8   | Entered Level 8 of the Lair of Beasts
 17376 | Lair:8   | Noticed a dire elephant
 17409 | Lair:8   | Killed a dire elephant
 17409 | Lair:8   | Gained mutation: You resist negative energy. [Deep Dwarf growth]
 17409 | Lair:8   | Reached XP level 14. HP: 135/135 MP: 10/10
 17472 | Lair:8   | Found a burning altar of Makhleb.
 17472 | Lair:8   | Noticed Maud
 17484 | Lair:8   | Killed Maud
 17733 | Lair:8   | Found a runed door.
 17734 | Lair:8   | Found a viscous altar of Jiyva.
 17734 | Lair:8   | Noticed an acid blob
 17737 | Lair:8   | Noticed an acid blob
 17737 | Lair:8   | Found a staircase to the Slime Pits.
 17829 | Lair:8   | Noticed Rupert
 17908 | Lair:8   | Killed Rupert
 18362 | Lair:8   | Found a gateway to Hell.
 18371 | Lair:8   | Got an ancient battleaxe
 18380 | Lair:8   | Identified the +8 battleaxe of Oxtom {drain, +Fly} (You found it on level 8 of the Lair of Beasts)
 18822 | Orc:1    | Entered Level 1 of the Orcish Mines
 18904 | Orc:2    | Entered Level 2 of the Orcish Mines
 19004 | Orc:1    | Noticed Blork the orc
 19104 | Orc:1    | Killed Blork the orc
 19197 | Orc:1    | Noticed an orc warlord
 19350 | Orc:2    | Killed an orc warlord
 20165 | Orc:2    | Noticed an orc warlord
 20215 | Orc:2    | Killed an orc warlord
 20273 | Orc:2    | Found a staircase to the Elven Halls.
 20275 | Orc:2    | Noticed Gargoyl's ghost (journeyman DsAK)
 20376 | Orc:2    | Killed Gargoyl's ghost
 20401 | Orc:2    | Found Fuviem's Food Shop.
 20499 | Orc:2    | Found Ofoasesili's General Store.
 20740 | Orc:1    | Reached XP level 15. HP: 146/146 MP: 11/11
 20931 | Orc:1    | Reached skill level 10 in Evocations
 21565 | Orc:2    | Found a roughly hewn altar of Beogh.
 21979 | Orc:2    | Found Etud's Antique Armour Shoppe.
 21979 | Orc:2    | Found Nooriant's Gadget Emporium.
 21979 | Orc:2    | Found a one-way gate leading to the halls of Pandemonium.
 21990 | Orc:2    | Bought a pair of pitted boots for 256 gold pieces
 21990 | Orc:2    | Bought a glowing shield for 121 gold pieces
 22011 | Orc:2    | Identified the +4 pair of boots of Daisies {rCorr} (You bought it in a shop on level 2 of the Orcish Mines)
 22444 | D:13     | Reached skill level 15 in Axes
 22610 | D:13     | Noticed a tengu reaver
 22631 | D:13     | Killed a tengu reaver
 22689 | D:13     | Found a flagged portal.
 22698 | Bailey   | Entered a bailey
 22792 | Bailey   | Reached XP level 16. HP: 156/156 MP: 11/11
 23186 | D:13     | Found a gate to the Vaults.
 23465 | D:13     | Found Koiwk's Distillery.
 23470 | D:13     | Bought a potion of agility for 48 gold pieces
 23470 | D:13     | Bought a potion of might for 48 gold pieces
 23470 | D:13     | Bought a potion of curing for 36 gold pieces
 23470 | D:13     | Bought a potion of heal wounds for 60 gold pieces
 23470 | D:13     | Bought a potion of curing for 36 gold pieces
 23470 | D:13     | Bought a potion of agility for 48 gold pieces
 23470 | D:13     | Bought a potion of haste for 120 gold pieces
 24332 | D:14     | Noticed Sonja
 24344 | D:14     | Cast into level 1 of the Abyss (Sonja)
 24615 | Abyss:1  | Paralysed by accursed screaming for 1 turns
 24671 | Abyss:1  | Found a corrupted altar of Lugonu.
 25055 | Abyss:1  | Reached XP level 17. HP: 164/164 MP: 13/13
 25209 | Abyss:1  | Noticed a lich
 25220 | Abyss:1  | Killed a lich
 25371 | D:14     | Escaped the Abyss
 25415 | D:14     | Killed Sonja
 25736 | D:15     | Entered Level 15 of the Dungeon
 26178 | D:15     | Found a basalt altar of Yredelemnul.
 26348 | D:15     | Found a staircase to the Depths.
 27304 | Snake:1  | Entered Level 1 of the Snake Pit
 27468 | Snake:1  | Noticed Aizul
 27480 | Snake:1  | Killed Aizul
 27804 | Snake:1  | Noticed Donald
 27817 | Snake:1  | Killed Donald
 29332 | Snake:3  | Noticed Starve's ghost (adept MiWn)
 29651 | Snake:3  | Killed Starve's ghost
 30078 | Snake:4  | Entered Level 4 of the Snake Pit
 30219 | Snake:4  | Noticed Saint Roka
 30267 | Snake:4  | Killed Saint Roka
 30267 | Snake:4  | Gained mutation: You passively map a large area around you. [Deep Dwarf growth]
 30267 | Snake:4  | Reached XP level 18. HP: 176/176 MP: 15/15
 30491 | Snake:4  | Reached skill level 15 in Armour
 30572 | Snake:4  | Reached skill level 15 in Shields
 30663 | Snake:4  | Noticed Vashnia
 30732 | Snake:4  | Killed Vashnia
 30826 | Snake:4  | Got a serpentine rune of Zot
 31915 | Shoals:1 | Entered Level 1 of the Shoals
 31915 | Shoals:1 | Found a burning altar of Makhleb.
 32134 | Shoals:1 | Found a bloodstained altar of Trog.
 32149 | Shoals:1 | Reached skill level 15 in Fighting
 32266 | Shoals:1 | Found a runed door.
 32279 | Shoals:1 | Got a warped war axe
 32280 | Shoals:1 | Identified the +8 war axe of Eternal Harmony {elec, *Rage rElec Str+4 Dex+2} (You found it on level 1 of the Shoals)
 32886 | Shoals:2 | Reached XP level 19. HP: 186/186 MP: 15/17
 33192 | Shoals:2 | Reached XP level 20. HP: 194/194 MP: 18/18
 33337 | Shoals:2 | Found Lywof's Antique Armour Shop.
 34224 | Shoals:4 | Entered Level 4 of the Shoals
 34358 | Shoals:4 | Noticed Ilsuiw
 34593 | Shoals:4 | Killed Ilsuiw
 34704 | Shoals:4 | Noticed raetorn's ghost (adept FoFi)
 34728 | Shoals:4 | Killed raetorn's ghost
 35056 | Shoals:4 | Noticed Polyphemus
 35088 | Shoals:4 | Killed Polyphemus
 35376 | Shoals:4 | Got a barnacled rune of Zot
 35983 | Depths:1 | Entered Level 1 of the Depths
 36674 | Depths:1 | Reached XP level 21. HP: 205/205 MP: 19/19
 38049 | Depths:2 | Reached skill level 15 in Evocations
 39050 | Depths:3 | Noticed GordonOverkill's ghost (veteran KoBe)
 39170 | Depths:3 | Killed GordonOverkill's ghost
 39393 | Depths:3 | Found a gateway to a bazaar.
 39418 | Bazaar   | Entered a bazaar
 39418 | Bazaar   | Found Xeisekh's Assorted Antiques.
 39418 | Bazaar   | Found Xippiucs's Food Boutique.
 39418 | Bazaar   | Found Fiatyfam's Weapon Shop.
 39418 | Bazaar   | Found Siamiyd's Distillery.
 39418 | Bazaar   | Found Reblucy's Book Boutique.
 39432 | Bazaar   | Bought a potion of beneficial mutation for 525 gold pieces
 39432 | Bazaar   | Bought a potion of agility for 60 gold pieces
 39432 | Bazaar   | Bought a potion of might for 60 gold pieces
 39439 | Bazaar   | Bought a shiny marble ring for 160 gold pieces
 39439 | Bazaar   | Bought a scroll of blinking for 240 gold pieces
 39439 | Bazaar   | Bought a potion of might for 128 gold pieces
 39461 | Bazaar   | Gained mutation: You possess an exceptional clarity of mind. [potion of beneficial mutation]
 39796 | Depths:3 | Reached XP level 22. HP: 216/216 MP: 21/21
 40356 | Depths:4 | Found a one-way gate to the infinite horrors of the Abyss.
 40609 | Depths:4 | Noticed a caustic shrike
 40627 | Depths:4 | Killed a caustic shrike
 40699 | Depths:4 | HP: 6/217 [spriggan defender/stone (16)]
 41309 | Depths:4 | Noticed Margery
 41351 | Depths:4 | Killed Margery
 41454 | Depths:4 | Gained mutation: Your system is resistant to poisons. [potion of beneficial mutation]
 41551 | Depths:4 | Identified the Guide on Translocation and Fire
 41631 | Depths:4 | Got a steaming plate armour
 41632 | Depths:4 | Identified the +2 plate armour of Yghenun {Str+4} (You found it on level 4 of the Depths)
 41707 | Depths:4 | Reached XP level 23. HP: 225/225 MP: 23/23
 42262 | Depths:5 | Entered Level 5 of the Depths
 42364 | Depths:5 | Noticed Frederick
 42380 | Depths:5 | Killed Frederick
 42833 | Depths:5 | Found a gateway to a ziggurat.
 43123 | Depths:5 | Found a gate to the Realm of Zot.
 43188 | Depths:5 | Noticed Sojobo
 43214 | Depths:5 | Killed Sojobo
 44070 | Hell     | Entered the Vestibule of Hell
 44070 | Hell     | Noticed Geryon
 44234 | Hell     | Killed Geryon
 44307 | Hell     | Found a gateway to the ashen valley of Gehenna.
 44444 | Hell     | Found a gateway to the decaying netherworld of Tartarus.
 44550 | Hell     | Reached XP level 24. HP: 237/237 MP: 23/23
 44733 | Hell     | Found a gateway to the Iron City of Dis.
 44834 | Hell     | Found a gateway to the freezing wastes of Cocytus.
 45568 | Slime:1  | Entered Level 1 of the Pits of Slime
 46537 | Slime:3  | Noticed Dissolution
 46555 | Slime:3  | Killed Dissolution
 46699 | Slime:3  | Gained mutation: You are frail (-10% HP). [a shining eye]
 47027 | Slime:3  | Gained mutation: You are very frail (-20% HP). [a shining eye]
 48366 | Slime:6  | Entered Level 6 of the Pits of Slime
 48624 | Slime:6  | Gained mutation: Armour fits poorly on your strangely shaped body. [a shining eye]
 48624 | Slime:6  | Gained mutation: Your body sometimes deteriorates upon taking damage. [a shining eye]
 48629 | Slime:6  | Gained mutation: You are clumsy. (Dex -2) [a shining eye]
 48631 | Slime:6  | Gained mutation: Your spells are a little easier to cast, but a little less powerful. [a shining eye]
 48878 | Slime:6  | Gained mutation: Your body often deteriorates upon taking damage. [a shining eye]
 49068 | Slime:6  | Noticed the Royal Jelly
 49068 | Slime:6  | Reached XP level 25. HP: 198/198 MP: 23/23
 49175 | Slime:6  | Found a viscous altar of Jiyva.
 49184 | Slime:6  | Gained mutation: Your magical capacity is low (-10% MP). [a shining eye]
 49241 | Slime:5  | Lost mutation: You are very frail (-20% HP). [potion of cure mutation]
 49241 | Slime:5  | Lost mutation: Your body often deteriorates upon taking damage. [potion of cure mutation]
 49241 | Slime:5  | Lost mutation: Armour fits poorly on your strangely shaped body. [potion of cure mutation]
 49241 | Slime:5  | Lost mutation: You possess an exceptional clarity of mind. [potion of cure mutation]
 49241 | Slime:5  | Lost mutation: You are frail (-10% HP). [potion of cure mutation]
 49242 | Slime:5  | Lost mutation: Your spells are a little easier to cast, but a little less powerful. [potion of cure mutation]
 49242 | Slime:5  | Lost mutation: You are clumsy. (Dex -2) [potion of cure mutation]
 49242 | Slime:5  | Lost mutation: Your magical capacity is low (-10% MP). [potion of cure mutation]
 49242 | Slime:5  | Lost mutation: Your system is resistant to poisons. [potion of cure mutation]
 49242 | Slime:5  | Lost mutation: Your body sometimes deteriorates upon taking damage. [potion of cure mutation]
 49260 | Slime:6  | Killed the Royal Jelly
 50337 | Slime:6  | Got a slimy rune of Zot
 51070 | Elf:1    | Entered Level 1 of the Elven Halls
 51214 | Elf:1    | Found Animinti's Magic Scroll Shoppe.
 51244 | Elf:1    | Bought a scroll of blinking for 97 gold pieces
 51244 | Elf:1    | Bought a scroll of enchant armour for 97 gold pieces
 51244 | Elf:1    | Bought a scroll of teleportation for 39 gold pieces
 51244 | Elf:1    | Bought a scroll of acquirement for 676 gold pieces
 52307 | Elf:2    | Found a runed gate.
 52307 | Elf:2    | Found a runed gate.
 52307 | Elf:2    | Found a runed gate.
 53126 | Elf:3    | Entered Level 3 of the Elven Halls
 53225 | Elf:3    | Found Kikhluna's Assorted Antiques.
 53313 | Elf:3    | Found Tevioroli's Antique Weapon Boutique.
 53439 | Elf:3    | Found Game's Antique Armour Shop.
 53719 | Elf:3    | Found Eroutt's Jewellery Shoppe.
 53813 | Elf:3    | Found Doir's Jewellery Shop.
 54209 | Elf:3    | Reached XP level 26. HP: 260/260 MP: 24/24
 54579 | Elf:3    | Got a glittering granite ring
 54773 | Elf:3    | Identified the ring of Wousace {*Tele rPois rN+ MR+ Int+4} (You took it off a deep elf demonologist on level 3 of the Elven Halls)
 54802 | Elf:3    | Got a clouded wooden ring
 54803 | Elf:3    | Identified the ring "Vacaptag" {rPois Dex+3} (You found it on level 3 of the Elven Halls)
 54859 | Elf:3    | Identified the Disquisition on the Traveller
 54879 | Elf:3    | Identified the Volume of Ashen Lightness
 55214 | Vaults:1 | Entered Level 1 of the Vaults
 55788 | Vaults:1 | Noticed jesusflecha's ghost (adept FoFi)
 55810 | Vaults:1 | Killed jesusflecha's ghost
 57502 | Vaults:2 | Found a flickering gateway to a bazaar.
 57522 | Vaults:2 | Found a staircase to the Crypt.
 57522 | Vaults:2 | Found an ancient bone altar of Kikubaaqudgha.
 57581 | Bazaar   | Entered a bazaar
 57586 | Bazaar   | Found Kisix's Gadget Shop.
 57611 | Bazaar   | Found Foydgh's Book Shop.
 57714 | Vaults:2 | Found a basalt altar of Yredelemnul.
 59078 | Vaults:4 | Reached XP level 27. HP: 271/271 MP: 24/24
 59296 | Vaults:4 | Found Jogy's Armour Boutique.
 59962 | Vaults:5 | Entered Level 5 of the Vaults
 60550 | Vaults:5 | Noticed an ancient lich
 60583 | Vaults:5 | Killed an ancient lich
 60686 | Vaults:5 | Got a silver rune of Zot
 60820 | Vaults:5 | Got a warped silver ring
 61627 | D:15     | Identified the ring "Wicveug" {rCorr Stlth+} (You took it off a deep elf high priest on level 5 of the Vaults)
 61855 | Depths:4 | Voluntarily entered the Abyss.
 62358 | Abyss:1  | Paralysed by accursed screaming for 2 turns
 62367 | Abyss:1  | Paralysed by accursed screaming for 1 turns
 62452 | Depths:4 | Escaped the Abyss
 62454 | Depths:4 | Voluntarily entered the Abyss.
 62747 | Abyss:1  | Got a jewelled helmet
 62758 | Abyss:1  | Identified the +2 helmet "Bacrokel" {+Fly MR- Regen+ Str+3} (You found it on level 1 of the Abyss)
 62812 | Abyss:1  | Gained mutation: You expend magic power (3 MP) to strengthen your wands. [a shining eye]
 62813 | Abyss:1  | Gained mutation: You tend to lose your temper in combat. [a shining eye]
 62825 | Abyss:1  | Paralysed by accursed screaming for 1 turns
 63223 | Abyss:4  | Found a corrupted altar of Lugonu.
 63291 | Abyss:5  | Entered Level 5 of the Abyss
 63503 | Abyss:5  | Gained mutation: You are dopey. (Int -2) [a neqoxec]
 63593 | Abyss:5  | Paralysed by accursed screaming for 1 turns
 64643 | Abyss:5  | Paralysed by accursed screaming for 1 turns
 64668 | Abyss:5  | Paralysed by accursed screaming for 1 turns
 64676 | Abyss:5  | Paralysed by accursed screaming for 1 turns
 64689 | Abyss:5  | Paralysed by accursed screaming for 1 turns
 65306 | Abyss:5  | Noticed an ancient lich
 65317 | Abyss:5  | Killed an ancient lich
 66339 | Abyss:5  | Paralysed by accursed screaming for 1 turns
 66382 | Abyss:5  | Got an abyssal rune of Zot
 66438 | Depths:4 | Escaped the Abyss
 66461 | Depths:4 | Lost mutation: You tend to lose your temper in combat. [potion of cure mutation]
 66461 | Depths:4 | Lost mutation: You expend magic power (3 MP) to strengthen your wands. [potion of cure mutation]
 66461 | Depths:4 | Lost mutation: You are dopey. (Int -2) [potion of cure mutation]
 66770 | Pan      | Entered Pandemonium
 67474 | Pan      | Found an exit through the horrors of the Abyss.
 68004 | Pan      | Noticed Koinehiute the pandemonium lord
 68046 | Pan      | Killed Koinehiute the pandemonium lord
 68159 | Pan      | Got a demonic rune of Zot
 68791 | Pan      | Found an exit through the horrors of the Abyss.
 68810 | Pan      | Gained mutation: You occasionally shout uncontrollably at your foes. [a cacodemon]
 68904 | Pan      | Noticed Vihyapt the pandemonium lord
 69290 | Pan      | Gained mutation: You expend magic power (3 MP) to strengthen your wands. [a cacodemon]
 69351 | Pan      | Killed Vihyapt the pandemonium lord
 69771 | Pan      | Noticed Mugusch the pandemonium lord
 69786 | Pan      | Killed Mugusch the pandemonium lord
 69827 | Pan      | Found an exit through the horrors of the Abyss.
 69849 | Pan      | Gained mutation: You are frail (-10% HP). [a cacodemon]
 70224 | Pan      | Gained mutation: Armour fits poorly on your strangely shaped body. [a neqoxec]
 70567 | Pan      | Found an exit through the horrors of the Abyss.
 71319 | Pan      | Noticed Qurhoant the pandemonium lord
 71421 | Pan      | Found a runed door.
 71494 | Pan      | Noticed Vuagamadd the pandemonium lord
 71568 | Pan      | Killed Vuagamadd the pandemonium lord
 71806 | Pan      | Found an exit through the horrors of the Abyss.
 71884 | Pan      | Reached skill level 27 in Axes
 72863 | Pan      | Lost mutation: You expend magic power (3 MP) to strengthen your wands. [potion of cure mutation]
 72863 | Pan      | Lost mutation: Armour fits poorly on your strangely shaped body. [potion of cure mutation]
 72863 | Pan      | Lost mutation: You are frail (-10% HP). [potion of cure mutation]
 73174 | Pan      | Found an exit through the horrors of the Abyss.
 73262 | Pan      | Noticed Zicapluf the pandemonium lord
 73284 | Pan      | Killed Zicapluf the pandemonium lord
 73642 | Pan      | Got a crystal short sword
 74261 | Pan      | Found an exit through the horrors of the Abyss.
 74691 | Pan      | Noticed Unaacoit the pandemonium lord
 74984 | Pan      | Noticed Bumyonk the pandemonium lord
 75007 | Pan      | Killed Bumyonk the pandemonium lord
 75101 | Pan      | Found an exit through the horrors of the Abyss.
 75387 | Pan      | Found an exit through the horrors of the Abyss.
 75769 | Pan      | Noticed Halaolu Teoj the pandemonium lord
 75878 | Pan      | Reached skill level 1 in Maces & Flails
 75897 | Pan      | Found an exit through the horrors of the Abyss.
 75961 | Pan      | Took an exit into the Abyss.
 75961 | Abyss:1  | Escaped into the Abyss
 75975 | Abyss:1  | Found a sacrificial altar of Ru.
 75977 | Abyss:1  | Found a corrupted altar of Lugonu.
 76030 | Depths:1 | Escaped the Abyss
 76590 | Zot:1    | Entered Level 1 of the Realm of Zot
 77204 | Zot:1    | Reached skill level 27 in Shields
 77670 | Zot:2    | Noticed an orb of fire
 77690 | Zot:2    | Killed an orb of fire
 77690 | Zot:2    | Reached skill level 5 in Spellcasting
 77896 | Zot:2    | Reached skill level 27 in Armour
 79543 | Zot:5    | Entered Level 5 of the Realm of Zot
 79566 | Zot:5    | Reached skill level 15 in Earth Magic
 79721 | Zot:5    | Noticed an ancient lich
 79736 | Zot:5    | Killed an ancient lich
 79748 | Zot:5    | Noticed an ancient lich
 79772 | Zot:5    | Killed an ancient lich
 80294 | D:12     | You paid a toll of a +2 storm dragon armour to enter a treasure trove
 80295 | Trove    | Entered a treasure trove
 80316 | Trove    | Got a pair of slimy gloves
 80317 | Trove    | Identified the -2 pair of gloves of the Ancient Wishes {Str+3 Int-5 Slay+5} (You found it in a treasure trove)
 80319 | Trove    | Identified the Incunabulum of the Rocks and Augmentations
 80325 | Trove    | Got a crude ivory ring
 80349 | D:12     | Identified the ring "Itus" {SustAt Dex+3} (You found it in a treasure trove)
 80461 | D:15     | Learned a level 5 spell: Lee's Rapid Deconstruction
 81087 | Zot:5    | Noticed an orb of fire
 81095 | Zot:5    | Noticed an ancient lich
 81119 | Zot:5    | Killed an ancient lich
 81119 | Zot:5    | Reached skill level 1 in Fire Magic
 81123 | Zot:5    | Gained mutation: You are partially covered in rugged brown scales (AC +1, +3% HP). [an orb of fire]
 81129 | Zot:5    | Killed an orb of fire
 81129 | Zot:5    | Reached skill level 1 in Conjurations
 81189 | Zot:5    | Noticed an orb of fire
 81203 | Zot:5    | Killed an orb of fire
 81205 | Zot:5    | Noticed an orb of fire
 81228 | Zot:5    | Killed an orb of fire
 81263 | Zot:5    | Noticed an ancient lich
 81278 | Zot:5    | Killed an ancient lich
 81406 | Zot:5    | Noticed an orb of fire
 81407 | Zot:5    | Noticed an ancient lich
 81419 | Zot:5    | Killed an ancient lich
 81420 | Zot:5    | Killed an orb of fire
 81477 | Zot:5    | Noticed an orb of fire
 81477 | Zot:5    | Gained mutation: You are frail (-10% HP). [an orb of fire]
 81486 | Zot:5    | Killed an orb of fire
 81834 | Zot:5    | Lost mutation: You occasionally shout uncontrollably at your foes. [potion of cure mutation]
 81834 | Zot:5    | Lost mutation: You are frail (-10% HP). [potion of cure mutation]
 81834 | Zot:5    | Lost mutation: You are partially covered in rugged brown scales (AC +1, +3% HP). [potion of cure mutation]
 82311 | Crypt:1  | Entered Level 1 of the Crypt
 82348 | Crypt:1  | Reached skill level 5 in Conjurations
 82464 | Crypt:1  | Reached skill level 5 in Fire Magic
 82668 | Crypt:1  | Found a shimmering altar of Xom.
 82858 | D:15     | Learned a level 9 spell: Shatter
 83019 | Crypt:1  | Found an ancient bone altar of Kikubaaqudgha.
 83980 | Crypt:3  | Entered Level 3 of the Crypt
 84397 | Crypt:3  | Found a staircase to the Tomb.
 84427 | Tomb:1   | Entered Level 1 of the Tomb of the Ancients
 85016 | Tomb:1   | Reached skill level 10 in Spellcasting
 85091 | Tomb:1   | Noticed a greater mummy
 85598 | Elf:3    | Learned a level 5 spell: Silence
 85885 | Pan      | Entered Pandemonium
 85930 | Pan      | Reached skill level 1 in Hexes
 85950 | Pan      | Noticed Lisietz the pandemonium lord
 85970 | Pan      | Killed Lisietz the pandemonium lord
 86007 | Pan      | Reached skill level 1 in Air Magic
 86423 | Pan      | Found an exit through the horrors of the Abyss.
 87004 | Pan      | Noticed Lore the pandemonium lord
 87029 | Pan      | Killed Lore the pandemonium lord
 87089 | Pan      | Found an exit through the horrors of the Abyss.
 87454 | Pan      | Found a runed door.
 87507 | Pan      | Found a runed door.
 87508 | Pan      | Found a runed door.
 87514 | Pan      | Noticed Sajay the pandemonium lord
 87527 | Pan      | Killed Sajay the pandemonium lord
 87533 | Pan      | Found a runed door.
 87546 | Pan      | Identified Tarroxekee's Incunabulum of Creative Earth (You found it in Pandemonium)
 87778 | Pan      | Found an exit through the horrors of the Abyss.
 88779 | Pan      | Found a huge runed gate.
 88851 | Pan      | Found an exit through the horrors of the Abyss.
 89167 | Pan      | Noticed Piozeump the pandemonium lord
 89199 | Pan      | Killed Piozeump the pandemonium lord
 89404 | Pan      | Noticed Quni the pandemonium lord
 89423 | Pan      | Killed Quni the pandemonium lord
 89496 | Pan      | Reached skill level 5 in Hexes
 89882 | Pan      | Found an exit through the horrors of the Abyss.
 89889 | Pan      | Noticed Mennas
 89901 | Pan      | Killed Mennas
 90568 | Pan      | Found an exit through the horrors of the Abyss.
 90591 | Pan      | Noticed Vucuna the pandemonium lord
 90622 | Pan      | Killed Vucuna the pandemonium lord
 90649 | Pan      | Gained mutation: Armour fits poorly on your strangely shaped body. [a neqoxec]
 91247 | Depths:1 | Escaped Pandemonium
 91671 | Slime:6  | Learned a level 8 spell: Necromutation
 92073 | Pan      | Entered the realm of Cerebov.
 92073 | Pan      | Entered Pandemonium
 92075 | Pan      | Noticed Cerebov
 92078 | Pan      | Got a fiery rune of Zot
 92082 | Pan      | Found an exit through the horrors of the Abyss.
 92223 | Pan      | Reached skill level 1 in Necromancy
 92236 | Pan      | Noticed Tanlimm the pandemonium lord
 92274 | Pan      | Killed Tanlimm the pandemonium lord
 92274 | Pan      | Reached skill level 27 in Fighting
 92455 | Pan      | Reached skill level 1 in Transmutations
 92455 | Pan      | Reached skill level 5 in Air Magic
 92695 | Pan      | Identified the Almanac of Feathers
 92756 | Pan      | Found an exit through the horrors of the Abyss.
 92983 | Pan      | Reached skill level 5 in Necromancy
 93128 | Pan      | Entered the realm of Gloorx Vloq.
 93454 | Pan      | Found an exit through the horrors of the Abyss.
 93656 | Pan      | Reached skill level 10 in Fire Magic
 93869 | Pan      | Noticed Gloorx Vloq
 94241 | Pan      | HP: 12/298 [poisoned by Gloorx Vloq (dark miasma)]
 94242 | Pan      | Killed Gloorx Vloq
 94284 | Pan      | Got a dark rune of Zot
 94805 | Pan      | Found an exit through the horrors of the Abyss.
 94920 | Pan      | Reached skill level 5 in Transmutations
 95089 | Pan      | Identified Ureiczat's Compendium of the Oath and Venom
 95307 | Pan      | Noticed Fustuf the pandemonium lord
 95322 | Pan      | Killed Fustuf the pandemonium lord
 95356 | Pan      | Noticed Cerebov
 95463 | Pan      | Reached skill level 10 in Necromancy
 95724 | Pan      | Gained mutation: Your magical capacity is low (-10% MP). [a cacodemon]
 95739 | Pan      | Found an exit through the horrors of the Abyss.
 96519 | Pan      | Noticed a seraph
 96530 | Pan      | Killed a seraph
 96535 | Pan      | Found a glowing golden altar of the Shining One.
 96592 | Pan      | Got a clouded wooden ring
 96593 | Pan      | Identified the ring "Saitum" {Ice MR- Str+4 Int+9 Stlth+} (You found it in Pandemonium)
 97170 | Pan      | Found a glowing silver altar of Zin.
 97286 | Pan      | Got an amethyst-encrusted plate armour
 97287 | Pan      | Identified the +10 plate armour of Ehueje Wasto {rPois Dex+2 Slay-3} (You found it in Pandemonium)
 98551 | Pan      | Found a white marble altar of Elyvilon.
 98808 | Depths:1 | Escaped Pandemonium
 98810 | Pan      | Entered Pandemonium
 99081 | Pan      | Found an exit through the horrors of the Abyss.
 99372 | Pan      | Noticed Ixtu the pandemonium lord
 99398 | Pan      | Killed Ixtu the pandemonium lord
 99738 | Pan      | Lost intelligence.
 99748 | Pan      | Noticed Wairi the pandemonium lord
 99894 | Pan      | Found an exit through the horrors of the Abyss.
100001 | Pan      | Killed Wairi the pandemonium lord
100759 | Pan      | Found an exit through the horrors of the Abyss.
100824 | Pan      | Noticed Wofiren the pandemonium lord
100866 | Pan      | Killed Wofiren the pandemonium lord
101051 | Pan      | Reached skill level 15 in Necromancy
101318 | Pan      | Reached skill level 10 in Transmutations
101406 | Pan      | Found an exit through the horrors of the Abyss.
101697 | Pan      | Reached skill level 10 in Air Magic
101752 | Pan      | Noticed Picacupt the pandemonium lord
101772 | Pan      | Killed Picacupt the pandemonium lord
102596 | Pan      | Entered the realm of Mnoleg.
102607 | Pan      | Gained mutation: Your magical capacity is very low (-20% MP). [a neqoxec]
102616 | Pan      | Gained mutation: Your magical capacity is extremely low (-30% MP). [a neqoxec]
102634 | Pan      | Noticed Mnoleg
102681 | Pan      | Killed Mnoleg
102702 | Pan      | Got a glowing rune of Zot
102759 | Pan      | Gained mutation: Scrolls take you a little longer to read. [a cacodemon]
103071 | Pan      | Found an exit through the horrors of the Abyss.
103921 | Pan      | Found an exit through the horrors of the Abyss.
103967 | Pan      | Lost intelligence.
103989 | Pan      | Lost mutation: Scrolls take you a little longer to read. [potion of cure mutation]
103989 | Pan      | Lost mutation: Armour fits poorly on your strangely shaped body. [potion of cure mutation]
103989 | Pan      | Lost mutation: Your magical capacity is extremely low (-30% MP). [potion of cure mutation]
103989 | Pan      | Lost mutation: Your magical capacity is very low (-20% MP). [potion of cure mutation]
104060 | Pan      | Noticed Idghanga the pandemonium lord
104107 | Pan      | Found an exit through the horrors of the Abyss.
104198 | Pan      | Killed Idghanga the pandemonium lord
104449 | Pan      | Reached skill level 10 in Hexes
104861 | Pan      | Entered the realm of Lom Lobon.
104861 | Pan      | Found an exit through the horrors of the Abyss.
105318 | Pan      | Gained mutation: Scrolls take you a little longer to read. [a cacodemon]
105633 | Pan      | Noticed Lom Lobon
105722 | Pan      | Killed Lom Lobon
105731 | Pan      | Got a magical rune of Zot
105882 | Pan      | Took an exit into the Abyss.
105882 | Abyss:1  | Escaped into the Abyss
105886 | Depths:1 | Escaped the Abyss
106129 | D:10     | Bought a potion of cure mutation for 300 gold pieces
106257 | Elf:1    | Bought a scroll of magic mapping for 45 gold pieces
106257 | Elf:1    | Bought a scroll of identify for 26 gold pieces
106257 | Elf:1    | Bought a scroll of summoning for 123 gold pieces
106257 | Elf:1    | Bought a scroll of identify for 26 gold pieces
106257 | Elf:1    | Bought a scroll of remove curse for 39 gold pieces
107590 | Crypt:3  | Noticed an ancient lich
107604 | Crypt:3  | Killed an ancient lich
107608 | Crypt:3  | Noticed an ancient lich
107618 | Crypt:3  | Killed an ancient lich
107626 | Crypt:3  | Identified Kikubaaqudgha's Collected Works on Stolen Souls
108413 | Dis:1    | Entered Level 1 of the Iron City of Dis
108750 | Dis:1    | Lost mutation: Scrolls take you a little longer to read. [potion of cure mutation]
108750 | Dis:1    | Lost mutation: Your magical capacity is low (-10% MP). [potion of cure mutation]
110967 | Depths:4 | Voluntarily entered the Abyss.
112016 | Abyss:1  | Learned a level 5 spell: Blade Hands
112175 | Depths:4 | Escaped the Abyss
112244 | Depths:4 | Voluntarily entered the Abyss.
112304 | Abyss:1  | Lost intelligence.
112334 | Abyss:1  | Lost intelligence.
112626 | Abyss:3  | Gained mutation: Armour fits poorly on your strangely shaped body. [a neqoxec]
113082 | Depths:4 | Escaped the Abyss
114036 | Tomb:1   | Killed a greater mummy
114720 | Tomb:2   | Noticed a greater mummy
114724 | Tomb:2   | Noticed a greater mummy
114724 | Tomb:2   | Noticed a greater mummy
114724 | Tomb:2   | Noticed a greater mummy
116111 | Tomb:1   | Killed a greater mummy
116423 | Tomb:1   | Reached skill level 15 in Air Magic
116588 | Tomb:1   | Killed a greater mummy
117867 | Dis:4    | Reached skill level 15 in Hexes
119539 | Dis:5    | Reached skill level 1 in Dodging
120887 | Dis:6    | Reached skill level 5 in Dodging
121311 | Dis:7    | Entered Level 7 of the Iron City of Dis
121725 | Dis:7    | Gained mutation: You are frail (-10% HP). [a cacodemon]
121736 | Dis:7    | Gained mutation: You expend magic power (3 MP) to strengthen your wands. [a cacodemon]
121909 | Dis:7    | Cast into level 2 of the Abyss (reaper)
122039 | Dis:7    | Escaped the Abyss
122063 | Dis:7    | Lost mutation: You are frail (-10% HP). [potion of cure mutation]
122063 | Dis:7    | Lost mutation: You expend magic power (3 MP) to strengthen your wands. [potion of cure mutation]
122063 | Dis:7    | Lost mutation: Armour fits poorly on your strangely shaped body. [potion of cure mutation]
122160 | Dis:7    | Reached skill level 15 in Transmutations
122297 | Dis:7    | Got a pair of encrusted boots
122299 | Dis:7    | Identified the Catalogue of Frigorific Confrontation (You found it on level 7 of the Iron City of Dis)
122300 | Dis:7    | Identified the +0 pair of boots of Submission {rElec rC+++ Str+4 Int-5} (You found it on level 7 of the Iron City of Dis)
122349 | Dis:7    | Got a faintly humming shield
122350 | Dis:7    | Identified the cursed +0 shield of the Eternal Void {Str+4} (You found it on level 7 of the Iron City of Dis)
122483 | Dis:7    | Gained mutation: Your body sometimes deteriorates upon taking damage. [a cacodemon]
123450 | Dis:7    | Noticed Dispater
123530 | Dis:7    | Got an iron rune of Zot
123851 | Orc:2    | Bought a beef jerky for 18 gold pieces
123851 | Orc:2    | Bought a meat ration for 60 gold pieces
123851 | Orc:2    | Bought 3 fruits for 54 gold pieces
123851 | Orc:2    | Bought a royal jelly for 24 gold pieces
123851 | Orc:2    | Bought a meat ration for 60 gold pieces
123851 | Orc:2    | Bought 3 fruits for 54 gold pieces
123851 | Orc:2    | Bought a bread ration for 60 gold pieces
123851 | Orc:2    | Bought a slice of pizza for 18 gold pieces
123851 | Orc:2    | Bought a meat ration for 60 gold pieces
123851 | Orc:2    | Bought a beef jerky for 18 gold pieces
123851 | Orc:2    | Bought a bread ration for 60 gold pieces
123851 | Orc:2    | Bought a bread ration for 60 gold pieces
123858 | Orc:2    | Bought a potion of cure mutation for 250 gold pieces
124193 | Depths:4 | Voluntarily entered the Abyss.
124226 | Abyss:1  | Paralysed by accursed screaming for 1 turns
124293 | Abyss:2  | Found a corrupted altar of Lugonu.
124376 | Abyss:3  | Found a bloodstained altar of Trog.
124381 | Abyss:3  | Reached skill level 27 in Evocations
124506 | Abyss:4  | Reached skill level 10 in Dodging
124772 | Abyss:4  | Paralysed by accursed screaming for 1 turns
124945 | Abyss:5  | Entered Level 5 of the Abyss
125014 | Abyss:5  | Paralysed by accursed screaming for 1 turns
125465 | Abyss:5  | Gained mutation: You are clumsy. (Dex -2) [a neqoxec]
125489 | Abyss:5  | Lost mutation: You are clumsy. (Dex -2) [you]
125543 | Abyss:5  | Paralysed by accursed screaming for 1 turns
125681 | Abyss:5  | Noticed an ancient lich
125696 | Abyss:5  | Killed an ancient lich
125735 | Abyss:5  | Found a corrupted altar of Lugonu.
126177 | Abyss:5  | Paralysed by accursed screaming for 2 turns
126186 | Abyss:5  | Paralysed by accursed screaming for 2 turns
126360 | Abyss:5  | Paralysed by accursed screaming for 2 turns
126476 | Abyss:5  | Paralysed by accursed screaming for 1 turns
126525 | Abyss:5  | Found a corrupted altar of Lugonu.
126974 | Abyss:5  | Paralysed by accursed screaming for 1 turns
127034 | Abyss:5  | Reached skill level 15 in Dodging
127328 | Abyss:5  | Found a corrupted altar of Lugonu.
127409 | Abyss:5  | Gained mutation: Your body often deteriorates upon taking damage. [a cacodemon]
128194 | Abyss:5  | Reached skill level 15 in Spellcasting
128637 | Abyss:5  | Paralysed by accursed screaming for 1 turns
128645 | Abyss:5  | Paralysed by accursed screaming for 1 turns
128659 | Abyss:5  | Paralysed by accursed screaming for 1 turns
128708 | Abyss:5  | Paralysed by accursed screaming for 2 turns
128808 | Abyss:5  | Paralysed by accursed screaming for 1 turns
128817 | Abyss:5  | Paralysed by accursed screaming for 2 turns
128833 | Abyss:5  | Paralysed by accursed screaming for 1 turns
128851 | Abyss:5  | Paralysed by accursed screaming for 1 turns
128853 | Abyss:5  | Gained mutation: You are dopey. (Int -2) [a neqoxec]
128856 | Abyss:5  | Gained mutation: You can translocate small distances at will. [a neqoxec]
128996 | Abyss:5  | Gained mutation: You are frail (-10% HP). [a neqoxec]
129071 | Abyss:5  | Paralysed by you for 5 turns
129086 | Abyss:5  | Paralysed by accursed screaming for 1 turns
129272 | Abyss:5  | Gained mutation: Your magical capacity is low (-10% MP). [a neqoxec]
129637 | Abyss:5  | Paralysed by accursed screaming for 2 turns
129646 | Abyss:5  | Paralysed by accursed screaming for 1 turns
129650 | Abyss:5  | Paralysed by accursed screaming for 1 turns
129659 | Abyss:5  | Found a corrupted altar of Lugonu.
129985 | Abyss:5  | Paralysed by accursed screaming for 2 turns
130043 | Abyss:5  | Gained mutation: You are very dopey. (Int -4) [a shining eye]
130590 | Abyss:5  | Paralysed by accursed screaming for 1 turns
130596 | Abyss:5  | Paralysed by accursed screaming for 1 turns
130623 | Abyss:5  | Paralysed by accursed screaming for 1 turns
130630 | Abyss:5  | Paralysed by accursed screaming for 2 turns
130776 | Abyss:5  | Paralysed by accursed screaming for 1 turns
130894 | Abyss:5  | Paralysed by accursed screaming for 1 turns
130908 | Abyss:5  | Paralysed by accursed screaming for 2 turns
130924 | Abyss:5  | Paralysed by accursed screaming for 2 turns
130931 | Abyss:5  | Paralysed by accursed screaming for 2 turns
130937 | Abyss:5  | Paralysed by accursed screaming for 2 turns
130945 | Abyss:5  | Paralysed by accursed screaming for 1 turns
130974 | Abyss:5  | Paralysed by you for 5 turns
130986 | Abyss:5  | Noticed an ancient lich
131007 | Abyss:5  | Killed an ancient lich
131139 | Abyss:5  | Gained mutation: You occasionally shout uncontrollably at your foes. [a neqoxec]
131258 | Abyss:5  | Paralysed by accursed screaming for 1 turns
131347 | Abyss:5  | Paralysed by accursed screaming for 1 turns
131358 | Abyss:5  | Paralysed by accursed screaming for 1 turns
131416 | Abyss:5  | Paralysed by accursed screaming for 1 turns
131542 | Abyss:5  | Paralysed by accursed screaming for 2 turns
131599 | Abyss:5  | Gained mutation: You are very frail (-20% HP). [a neqoxec]
131653 | Abyss:5  | Paralysed by accursed screaming for 2 turns
131662 | Abyss:5  | Paralysed by accursed screaming for 1 turns
131769 | Abyss:5  | Paralysed by accursed screaming for 1 turns
131811 | Abyss:5  | Paralysed by accursed screaming for 2 turns
131813 | Abyss:5  | Gained mutation: You have an uncontrollable temper. [mutagenic glow]
131885 | Abyss:5  | Paralysed by accursed screaming for 2 turns
131891 | Abyss:5  | Paralysed by accursed screaming for 2 turns
131898 | Abyss:5  | Paralysed by accursed screaming for 2 turns
131946 | Abyss:5  | Paralysed by accursed screaming for 1 turns
132018 | Abyss:5  | Paralysed by accursed screaming for 1 turns
132022 | Abyss:5  | Paralysed by accursed screaming for 2 turns
132038 | Abyss:5  | Paralysed by accursed screaming for 2 turns
132048 | Abyss:5  | Gained mutation: Your magical capacity is very low (-20% MP). [a neqoxec]
132235 | Abyss:5  | Paralysed by accursed screaming for 1 turns
132253 | Abyss:5  | Paralysed by accursed screaming for 2 turns
132273 | Abyss:5  | Paralysed by accursed screaming for 2 turns
132310 | Abyss:5  | Reached skill level 27 in Necromancy
132492 | Abyss:5  | Paralysed by accursed screaming for 1 turns
133096 | Abyss:5  | Paralysed by accursed screaming for 1 turns
133099 | Abyss:5  | Paralysed by accursed screaming for 1 turns
133437 | Abyss:5  | Paralysed by accursed screaming for 1 turns
133644 | Abyss:5  | Found a corrupted altar of Lugonu.
133692 | Abyss:5  | Found a corrupted altar of Lugonu.
133996 | Abyss:5  | Lost mutation: You are very dopey. (Int -4) [a neqoxec]
134020 | Abyss:5  | Found a shadowy altar of Dithmenos.
134070 | Abyss:5  | Found a shadowy altar of Dithmenos.
134105 | Abyss:5  | Gained mutation: You are very dopey. (Int -4) [a neqoxec]
134442 | Abyss:5  | Found a shadowy altar of Dithmenos.
134655 | Abyss:5  | Paralysed by accursed screaming for 1 turns
134666 | Abyss:5  | Paralysed by accursed screaming for 2 turns
134682 | Abyss:5  | Paralysed by accursed screaming for 1 turns
134708 | Abyss:5  | Paralysed by accursed screaming for 2 turns
134730 | Abyss:5  | Paralysed by accursed screaming for 2 turns
134858 | Abyss:5  | Gained mutation: You are weak. (Str -2) [a cacodemon]
135023 | Abyss:5  | Paralysed by accursed screaming for 1 turns
135033 | Abyss:5  | Paralysed by accursed screaming for 1 turns
135049 | Abyss:5  | Paralysed by accursed screaming for 2 turns
135062 | Abyss:5  | Paralysed by accursed screaming for 2 turns
135069 | Abyss:5  | Paralysed by accursed screaming for 2 turns
135075 | Abyss:5  | Paralysed by accursed screaming for 2 turns
135148 | Abyss:5  | Paralysed by accursed screaming for 1 turns
135455 | Abyss:5  | Lost mutation: You are very frail (-20% HP). [a neqoxec]
135456 | Abyss:5  | Paralysed by accursed screaming for 1 turns
135508 | Abyss:5  | Paralysed by accursed screaming for 1 turns
135873 | Abyss:5  | Paralysed by accursed screaming for 1 turns
135882 | Abyss:5  | Paralysed by accursed screaming for 1 turns
136554 | Abyss:5  | Paralysed by accursed screaming for 1 turns
136652 | Abyss:5  | Paralysed by accursed screaming for 2 turns
136845 | Abyss:5  | Paralysed by accursed screaming for 1 turns
136850 | Abyss:5  | Reached skill level 27 in Transmutations
136860 | Abyss:5  | Paralysed by accursed screaming for 1 turns
136945 | Abyss:5  | Paralysed by accursed screaming for 1 turns
137223 | Abyss:5  | Reached skill level 27 in Dodging
137223 | Abyss:5  | Paralysed by accursed screaming for 1 turns
137308 | Abyss:5  | Paralysed by accursed screaming for 1 turns
138626 | Abyss:5  | Gained mutation: Your spells are a little easier to cast, but a little less powerful. [a neqoxec]
138628 | Abyss:5  | Gained mutation: You are occasionally teleported next to monsters. [a neqoxec]
138669 | Abyss:5  | Reached skill level 27 in Earth Magic
138894 | Abyss:5  | Paralysed by accursed screaming for 1 turns
138973 | Abyss:5  | Gained mutation: You expend magic power (3 MP) to strengthen your wands. [a neqoxec]
139321 | Abyss:5  | Found a deep blue altar of Sif Muna.
139581 | Abyss:5  | Paralysed by you for 2 turns
139673 | Abyss:5  | Paralysed by accursed screaming for 1 turns
139843 | Abyss:5  | Paralysed by accursed screaming for 1 turns
140020 | Abyss:5  | Gained mutation: Scrolls take you a little longer to read. [a neqoxec]
140094 | Abyss:5  | Found a corrupted altar of Lugonu.
140105 | Abyss:5  | Gained mutation: Scrolls take you longer to read. [a cacodemon]
140106 | Abyss:5  | Gained mutation: Scrolls take you much longer to read. [a cacodemon]
140107 | Abyss:5  | Paralysed by accursed screaming for 1 turns
140134 | Abyss:5  | Found a corrupted altar of Lugonu.
140309 | Abyss:5  | Gained mutation: Your magical capacity is extremely low (-30% MP). [a neqoxec]
140403 | Abyss:5  | Paralysed by accursed screaming for 1 turns
140437 | Abyss:5  | Paralysed by accursed screaming for 1 turns
140448 | Abyss:5  | Paralysed by accursed screaming for 1 turns
140472 | Abyss:5  | Found a corrupted altar of Lugonu.
140804 | Abyss:5  | Gained mutation: You are very weak. (Str -4) [a neqoxec]
140933 | Abyss:5  | Found a corrupted altar of Lugonu.
142026 | Abyss:5  | Identified the Compendium of Transformation (You found it on level 5 of the Abyss)
142066 | Abyss:5  | Found a runed door.
142193 | Abyss:5  | Gained mutation: You are very frail (-20% HP). [a neqoxec]
142632 | Abyss:5  | Reached skill level 27 in Spellcasting
142677 | Depths:4 | Escaped the Abyss
142780 | Depths:1 | Reached skill level 5 in Maces & Flails
142910 | D:15     | Lost mutation: Your body often deteriorates upon taking damage. [potion of cure mutation]
142910 | D:15     | Lost mutation: You are very frail (-20% HP). [potion of cure mutation]
142910 | D:15     | Lost mutation: Your body sometimes deteriorates upon taking damage. [potion of cure mutation]
142910 | D:15     | Lost mutation: Scrolls take you much longer to read. [potion of cure mutation]
142910 | D:15     | Lost mutation: You expend magic power (3 MP) to strengthen your wands. [potion of cure mutation]
142911 | D:15     | Lost mutation: You are frail (-10% HP). [potion of cure mutation]
142911 | D:15     | Lost mutation: You can translocate small distances at will. [potion of cure mutation]
142911 | D:15     | Lost mutation: You occasionally shout uncontrollably at your foes. [potion of cure mutation]
142911 | D:15     | Lost mutation: You are very dopey. (Int -4) [potion of cure mutation]
142912 | D:15     | Lost mutation: You are occasionally teleported next to monsters. [potion of cure mutation]
142912 | D:15     | Lost mutation: You are very weak. (Str -4) [potion of cure mutation]
142912 | D:15     | Lost mutation: You are weak. (Str -2) [potion of cure mutation]
142912 | D:15     | Lost mutation: Scrolls take you longer to read. [potion of cure mutation]
142913 | D:15     | Lost mutation: You are dopey. (Int -2) [potion of cure mutation]
142913 | D:15     | Lost mutation: Your spells are a little easier to cast, but a little less powerful. [potion of cure mutation]
142913 | D:15     | Lost mutation: You tend to lose your temper in combat. [potion of cure mutation]
142913 | D:15     | Lost mutation: Scrolls take you a little longer to read. [potion of cure mutation]
142914 | D:15     | Lost mutation: Your magical capacity is extremely low (-30% MP). [potion of cure mutation]
142914 | D:15     | Lost mutation: Your magical capacity is very low (-20% MP). [potion of cure mutation]
142914 | D:15     | Lost mutation: Your magical capacity is low (-10% MP). [potion of cure mutation]
142915 | D:15     | Gained mutation: You can translocate small distances at will. [potion of beneficial mutation]
143335 | Tomb:2   | Killed a greater mummy
143356 | Tomb:1   | Killed a greater mummy
143642 | Tomb:1   | Noticed a greater mummy
143648 | Tomb:1   | Noticed a greater mummy
143658 | Tomb:1   | Killed a greater mummy
143660 | Tomb:1   | Killed a greater mummy
143665 | Tomb:1   | Noticed a greater mummy
143681 | Tomb:1   | Killed a greater mummy
143683 | Tomb:1   | Noticed a greater mummy
143694 | Tomb:1   | Killed a greater mummy
143712 | Tomb:1   | Noticed a greater mummy
143726 | Tomb:1   | Killed a greater mummy
143747 | Tomb:1   | Noticed a greater mummy
143759 | Tomb:1   | Killed a greater mummy
143815 | Tomb:1   | Noticed a greater mummy
143818 | Tomb:1   | Noticed a greater mummy
143836 | Tomb:1   | Killed a greater mummy
143836 | Tomb:1   | Reached skill level 10 in Maces & Flails
143851 | Tomb:1   | Killed a greater mummy
143868 | Tomb:1   | Noticed a greater mummy
143884 | Tomb:1   | Killed a greater mummy
143901 | Tomb:1   | Noticed a greater mummy
143918 | Tomb:1   | Killed a greater mummy
143957 | Tomb:1   | Noticed a greater mummy
143966 | Tomb:1   | Noticed a greater mummy
143969 | Tomb:1   | Killed a greater mummy
143977 | Tomb:1   | Killed a greater mummy
143988 | Tomb:1   | Noticed a greater mummy
144001 | Tomb:1   | Killed a greater mummy
144027 | Tomb:1   | Noticed a greater mummy
144033 | Tomb:1   | Killed a greater mummy
144177 | Tomb:3   | Entered Level 3 of the Tomb of the Ancients
144228 | Tomb:3   | Noticed a greater mummy
144230 | Tomb:3   | Noticed a greater mummy
144236 | Tomb:3   | Noticed a greater mummy
144239 | Tomb:3   | Noticed a greater mummy
144263 | Tomb:2   | Killed a greater mummy
144269 | Tomb:2   | Killed a greater mummy
144276 | Tomb:3   | Noticed a greater mummy
144345 | Tomb:3   | Noticed a greater mummy
144370 | Tomb:2   | Killed a greater mummy
144401 | Tomb:3   | Noticed a greater mummy
144422 | Tomb:3   | Noticed an ancient lich
144433 | Tomb:2   | Killed a greater mummy
144513 | Tomb:3   | Noticed a greater mummy
144524 | Tomb:2   | Killed a greater mummy
144601 | Tomb:2   | Killed a greater mummy
144676 | Tomb:2   | Killed an ancient lich
144744 | Tomb:2   | Killed a greater mummy
144836 | Tomb:3   | Killed a greater mummy
144998 | Tomb:3   | Got a fine brass ring
144999 | Tomb:3   | Identified the ring of Hard Scrabble {+Fly rElec MR+} (You found it on level 3 of the Tomb of the Ancients)
145247 | Tomb:3   | Got a flickering zirconium amulet
145248 | Tomb:3   | Identified the amulet "Agudwuew" {Gourm rPois rN+ Slay+4} (You found it on level 3 of the Tomb of the Ancients)
145401 | Tomb:3   | Got a golden rune of Zot
145523 | Tomb:3   | Got a blackened buckler
145524 | Tomb:3   | Identified the +3 buckler of Attier {rF++ Stlth+} (You found it on level 3 of the Tomb of the Ancients)
146355 | Tar:1    | Entered Level 1 of Tartarus
148209 | Depths:3 | Paralysed by a giant eyeball for 3 turns
149306 | Tar:3    | Reached skill level 15 in Maces & Flails
149343 | Tar:3    | Gained mutation: You are dopey. (Int -2) [mutagenic glow]
149367 | Tar:3    | Gained mutation: You are clumsy. (Dex -2) [mutagenic glow]
153413 | Tar:7    | Entered Level 7 of Tartarus
153852 | Tar:7    | Lost mutation: You are dopey. (Int -2) [potion of cure mutation]
153852 | Tar:7    | Lost mutation: You can translocate small distances at will. [potion of cure mutation]
153852 | Tar:7    | Lost mutation: You are clumsy. (Dex -2) [potion of cure mutation]
154761 | Tar:7    | Noticed Ereshkigal
154805 | Tar:7    | Killed Ereshkigal
155067 | Tar:7    | Identified Sif Muna's Reference Book on Venom and Calling
155070 | Tar:7    | Got a bone rune of Zot
156506 | Geh:1    | Entered Level 1 of Gehenna
158038 | Geh:2    | Reached skill level 27 in Maces & Flails
159069 | Geh:7    | Entered Level 7 of Gehenna
159372 | Geh:7    | Noticed the Serpent of Hell
159410 | Geh:7    | Killed the Serpent of Hell
159660 | Geh:7    | Noticed Asmodeus
159701 | Geh:7    | Killed Asmodeus
159793 | Geh:7    | Got an obsidian rune of Zot
160020 | Geh:7    | Got a slimy shield
160021 | Geh:7    | Identified the +1 shield "Sudunuty" {Dex+3 Stlth+} (You found it on level 7 of Gehenna)
160153 | Geh:7    | Got a pitted short sword
160154 | Geh:7    | Identified the +6 short sword of Tenacity {pierce, +Rage rPois rC+ MR+ Stlth-} (You found it on level 7 of Gehenna)
160841 | Elf:3    | Bought an uncursed ring of protection from cold for 375 gold pieces
161186 | Coc:1    | Entered Level 1 of Cocytus
161590 | Coc:7    | Entered Level 7 of Cocytus
162593 | Coc:7    | Identified Sif Muna's Almanac of Spatial Conjuration
162800 | Coc:7    | Noticed Antaeus
162837 | Coc:7    | Killed Antaeus
162865 | Coc:7    | Identified the Almanac of Frigorific Clay
162867 | Coc:7    | Got an icy rune of Zot
163300 | D:15     | Gained mutation: Your spells are a little harder to cast, but a little more powerful. [potion of beneficial mutation]
163303 | D:15     | Lost mutation: Your spells are a little harder to cast, but a little more powerful. [potion of cure mutation]
163725 | Zot:5    | Got the Orb of Zot
163860 | Zot:3    | Noticed Jit Vevo the pandemonium lord
164021 | Depths:4 | Reached skill level 5 in Stealth
164470 | D:$      | Escaped with the Orb!

Skill      XL: |  1  2  3  4  5  6  7  8  9 10 11 12 13 14 15 16 17 18 19 20 21 22 23 24 25 26 27 |
---------------+----------------------------------------------------------------------------------+-----
Evocations     | 1 2 3 5 7 8 9 10 11 12 13 14 15 16 17 18 19 27 | 27.0
Fighting       | 3 4 5 6 7 9 10 11 12 13 14 15 16 17 18 19 20 27 | 27.0
Axes           | 3 4 5 6 7 9 10 12 13 14 15 16 17 18 19 20 21 22 23 27 | 27.0
Armour         | 4 5 6 7 8 9 10 11 12 13 14 15 16 17 18 19 20 21 22 27 | 27.0
Shields        | 4 5 6 7 8 9 10 11 12 13 14 15 16 18 19 20 21 22 27 | 27.0
Earth Magic    | 4 7 10 27 | 27.0
Spellcasting   | 2 3 4 27 | 27.0
Maces & Flails | 27 | 27.0
Fire Magic     | 12 | 12.8
Conjurations   | 9 |  9.2
Hexes          | 21 | 21.8
Air Magic      | 21 | 21.2
Necromancy     | 27 | 27.0
Transmutations | 27 | 27.0
Dodging        | 27 | 27.0
Stealth        | 7 |  7.4

Action                   |  1- 3 |  4- 6 |  7- 9 | 10-12 | 13-15 | 16-18 | 19-21 | 22-24 | 25-27 || total
-------------------------+-------+-------+-------+-------+-------+-------+-------+-------+-------++-------
Melee: War axe           |    64 |   331 |   470 |  1321 |  1805 |  1609 |  1833 |  2174 |   136 ||  9743
       Unarmed           |       |     5 |       |       |       |       |       |       |       ||     5
       Scimitar          |       |       |       |    74 |    14 |       |       |       |       ||    88
       Broad axe         |       |       |       |       |       |       |       |       | 29588 || 29588
       Sacred scourge    |       |       |       |       |       |       |       |       |  1274 ||  1274
 Cast: Necromutation     |       |       |       |       |       |       |       |       |   120 ||   120
       Silence           |       |       |       |       |       |       |       |       |    40 ||    40
       Bolt of Magma     |       |       |       |       |       |       |       |       |     8 ||     8
       Blade Hands       |       |       |       |       |       |       |       |       |     1 ||     1
       Lee's Rapid Decon |       |       |       |       |       |       |       |       |     1 ||     1
Invok: Greater Servant o |       |       |       |       |       |       |       |       |     1 ||     1
 Abil: Device Recharging |       |       |     4 |     4 |     4 |       |       |       |    16 ||    28
       End Transformatio |       |       |       |       |       |       |       |       |     2 ||     2
Evoke: Wand              |     1 |     4 |    20 |    28 |    10 |     9 |     5 |    13 |   169 ||   259
       Stone of tremors  |       |       |       |       |       |     1 |     1 |       |     3 ||     5
       Disc of storms    |       |       |       |       |       |     1 |     1 |       |    39 ||    41
       Lamp of fire      |       |       |       |       |       |       |     1 |     1 |     4 ||     6
       Horn of Geryon    |       |       |       |       |       |       |       |       |     3 ||     3
       Sack of spiders   |       |       |       |       |       |       |       |       |     1 ||     1
       Fan of gales      |       |       |       |       |       |       |       |       |     2 ||     2
  Use: Scroll            |       |    14 |     3 |    20 |    12 |    23 |     8 |     5 |   154 ||   239
       Potion            |       |       |       |     6 |     2 |     6 |     2 |    11 |    97 ||   124
 Stab: Paralysed         |       |       |       |     9 |       |       |       |       |     1 ||    10
       Distracted        |       |       |       |       |     1 |       |       |     1 |     9 ||    11
       Confused          |       |       |       |       |       |     5 |       |       |     2 ||     7
       Petrified         |       |       |       |       |       |       |     3 |       |     2 ||     5
       Petrifying        |       |       |       |       |       |       |     1 |       |     8 ||     9
       Invisible         |       |       |       |       |       |       |       |       |     6 ||     6
  Eat: Meat ration       |       |     1 |     1 |     2 |     1 |     2 |     1 |     9 |    33 ||    50
       Chunk             |       |     2 |     5 |    15 |    20 |    14 |    21 |     6 |   226 ||   309
       Beef jerky        |       |       |     1 |       |     1 |     5 |       |     2 |    18 ||    27
       Fruit             |       |       |       |     4 |     3 |    10 |     2 |     9 |    82 ||   110
       Royal jelly       |       |       |       |     1 |     2 |       |     1 |       |     6 ||    10
       Pizza             |       |       |       |       |     2 |     4 |       |     1 |    13 ||    20
       Bread ration      |       |       |       |       |       |       |       |       |     6 ||     6
Armor: Scale mail        |    22 |   140 |   117 |       |       |       |       |       |       ||   279
       Plate armour      |       |       |    71 |   605 |       |       |       |       |       ||   676
       Leather armour    |       |       |       |     3 |       |       |       |       |       ||     3
       Crystal plate arm |       |       |       |   120 |   963 |   915 |  1132 |  1289 |  9383 || 13802
Dodge: Dodged            |    16 |   107 |   115 |   295 |   204 |   221 |   320 |   371 |  8126 ||  9775
Block: Shield            |    24 |   204 |   322 |  1098 |  1035 |   981 |  1282 |  1543 |  2921 ||  9410
       Buckler           |       |       |       |       |       |    82 |       |       |   706 ||   788
       Reflection        |       |       |       |       |       |   108 |   128 |    66 |   565 ||   867
       Large shield      |       |       |       |       |       |       |       |       | 27548 || 27548
